 Dungeon Crawl Stone Soup version 0.21.1-1-g345015f (webtiles) character file.

1824 HammerPanzer the Basher (level 8, 0/100 HPs)
             Began as a Demonspawn Berserker on Apr 4, 2018.
             Was an Elder of Trog.
             Splashed by a crimson imp's acid (14 damage)
             ... on level 6 of the Dungeon.
             The game lasted 00:14:53 (7239 turns).

HammerPanzer the Basher (Demonspawn Berserker)      Turns: 7239, Time: 00:14:54

Health: 0/100      AC:  7    Str: 26    XL:     8   Next: 86%
Magic:  8/8        EV:  7    Int:  8    God:    Trog [****..]
Gold:   400        SH:  0    Dex: 12    Spells: 7/7 levels left

rFire    . . .     SeeInvis .   o - +2 flail (protect)
rCold    . . .     Gourm    .   (no shield)
rNeg     . . .     Faith    .   a - +0 plate armour
rPois    .         Spirit   .   (helmet restricted)
rElec    .         Reflect  .   (no cloak)
rCorr    .         Harm     .   (no gloves)
MR       .....                  (no boots)
Stlth    ..........             (no amulet)
HPRegen  0.26/turn              (no ring)
MPRegen  0.11/turn              (no ring)

@: berserking, corroded, protection aura, very quick
A: antennae 1, thin metallic scales 1, nightstalker 1, powered by pain 1
a: Berserk, Trog's Hand, Brothers in Arms, Burn Spellbooks, Renounce Religion


You were on level 6 of the Dungeon.
You worshipped Trog.
Trog was greatly pleased with you.
You were hungry.

You visited 1 branch of the dungeon, and saw 6 of its levels.

You collected 400 gold pieces.

Inventory:

Hand Weapons
 o - a +2 flail of protection (weapon)
 r - a +0 morningstar
Armour
 a - a +0 plate armour (worn)
Scrolls
 b - a scroll of remove curse
 g - a scroll of enchant weapon
 k - 2 scrolls of enchant armour
 l - 3 scrolls of blinking
 p - a scroll of teleportation
 q - a scroll of magic mapping
Potions
 d - 3 potions of heal wounds
 e - a potion of berserk rage {unknown}
 f - 3 potions of degeneration {unknown}
 h - 2 potions of agility {unknown}
 i - a potion of curing {unknown}
 j - a potion of flight {unknown}
Comestibles
 c - 12 rations
 m - a chunk of flesh


   Skills:
 + Level 7.3 Fighting
 * Level 9.1 Maces & Flails
 - Level 1.7 Armour
 - Level 1.7 Dodging


You had 7 spell levels left.
You didn't know any spells.

Dungeon Overview and Level Annotations

Branches:
Dungeon (6/15)             Temple (0/1) D:4

Altars:
Ashenzari
Cheibriados
Makhleb
Qazlal
Sif Muna
Trog
Vehumet
Yredelemnul
Zin


Innate Abilities, Weirdness & Mutations

You have a pair of small antennae on your head.
You are partially covered in thin metallic scales. (AC +2)
You are slightly more attuned to the shadows.
You sometimes gain a little power by taking damage.


Message History

The crimson imp barely misses you.
You hit the crimson imp but do no damage.
The crimson imp is heavily wounded.
The crimson imp barely misses you.
A red film seems to cover your vision as you go berserk!
You feel yourself moving faster!
You feel mighty!
You are feeling hungry.
The crimson imp hits you but does no damage.
You closely miss the crimson imp.
The crimson imp is moderately wounded.
The crimson imp hits you with a dagger.
* * * LOW HITPOINT WARNING * * *
You closely miss the crimson imp.
The crimson imp is moderately wounded.
You closely miss the crimson imp.
The crimson imp is moderately wounded.
The crimson imp zaps a wand.
The bolt of acid hits you!
* * * LOW HITPOINT WARNING * * *
The acid corrodes you!
You are splashed with acid!
The acid burns!
You die...

#.# #.# #.# .. #.#
#.####.#####
..#.......#
#.#.......# ######
#.#.......#
......###(........#
......'.(.@5......#
......###(........#
...... #.#.#'#####
###### #.#.#.#
......# ##.....#
......# _..##> ...#
##


You could see a crimson imp.

Vanquished Creatures
  Edmund (D:4)
  2 ogres (D:4)
  4 centaurs
  Blork the orc (D:4)
  5 big kobolds (D:3)
  2 scorpions (D:4)
  A crimson imp (D:5)
  4 hounds
  2 orc priests
  A jelly (D:5)
  A bullfrog skeleton (D:4)
  An orc wizard (D:4)
  An iguana (D:5)
  2 worker ants
  A hound skeleton (D:4)
  2 gnolls (D:3)
  A howler monkey skeleton (D:4)
  12 adders
  2 shadow imps (D:5)
  An ooze (D:4)
  An adder zombie (D:6)
  A worm (D:2)
  3 dart slugs (D:3)
  2 leopard geckos (D:4)
  13 orcs
  2 ball pythons
  7 giant cockroaches
  6 goblins
  19 hobgoblins
  2 jackals (D:4)
  4 bats
  6 frilled lizards
  57 kobolds
  5 rats
175 creatures vanquished.

Notes
Turn   | Place    | Note
-------+----------+-------------------------------------------
     0 | D:1      | HammerPanzer the Demonspawn Berserker began the quest for the Orb.
     0 | D:1      | Reached XP level 1. HP: 18/18 MP: 1/1
   475 | D:1      | Reached skill level 3 in Maces & Flails
   478 | D:1      | Gained mutation: You are slightly more attuned to the shadows. [demonic ancestry]
   478 | D:1      | Reached XP level 2. HP: 21/24 MP: 2/2
  1010 | D:2      | Reached XP level 3. HP: 19/29 MP: 3/3
  1517 | D:2      | Reached skill level 4 in Maces & Flails
  1517 | D:2      | Gained mutation: You have a pair of small antennae on your head. [demonic ancestry]
  1517 | D:2      | Reached XP level 4. HP: 31/37 MP: 4/4
  2573 | D:3      | Reached XP level 5. HP: 36/42 MP: 5/5
  2744 | D:3      | Found a deep blue altar of Sif Muna.
  2771 | D:3      | Reached ** piety under Trog
  3012 | D:3      | Reached skill level 5 in Maces & Flails
  3012 | D:3      | Gained mutation: You sometimes gain a little power by taking damage. [demonic ancestry]
  3012 | D:3      | Reached XP level 6. HP: 49/49 MP: 6/6
  3291 | D:3      | Reached *** piety under Trog
  3352 | D:3      | Reached skill level 5 in Fighting
  3363 | D:3      | Reached skill level 6 in Maces & Flails
  3368 | D:3      | Gained mutation: You are partially covered in thin metallic scales. (AC +2) [demonic ancestry]
  3368 | D:3      | Reached XP level 7. HP: 56/56 MP: 7/7
  4479 | D:4      | Found a glowing silver altar of Zin.
  4533 | D:4      | Noticed Blork the orc
  4542 | D:4      | Killed Blork the orc
  4542 | D:4      | Reached skill level 7 in Maces & Flails
  4639 | D:4      | Found a snail-covered altar of Cheibriados.
  4964 | D:4      | Reached **** piety under Trog
  5137 | D:4      | Reached XP level 8. HP: 64/64 MP: 8/8
  5171 | D:4      | Found a staircase to the Ecumenical Temple.
  5362 | D:4      | Reached skill level 8 in Maces & Flails
  5498 | D:4      | Noticed Edmund
  5518 | D:4      | Killed Edmund
  5820 | D:5      | Entered Level 5 of the Dungeon
  5916 | D:5      | Found a basalt altar of Yredelemnul.
  5947 | D:5      | Found a radiant altar of Vehumet.
  5962 | D:5      | Found a stormy altar of Qazlal.
  6202 | D:5      | Found a burning altar of Makhleb.
  6746 | D:5      | Found a shattered altar of Ashenzari.
  6935 | D:6      | Reached skill level 9 in Maces & Flails
  7218 | D:6      | Found a bloodstained altar of Trog.
  7239 | D:6      | Splashed by a crimson imp's acid

Skill      XL: |  1  2  3  4  5  6  7  8 |
---------------+-------------------------+-----
Maces & Flails | 3 4 5 6 7 9 |  9.1
Fighting       | 4 5 6 7 |  7.3
Armour         | |  1.7
Dodging        | |  1.7

Action                   |  1- 3 |  4- 6 |  7- 9 || total
-------------------------+-------+-------+-------++-------
Melee: Mace              |    63 |   233 |   172 ||   468
       Flail             |       |       |   112 ||   112
Invok: Berserk           |       |     3 |     6 ||     9
  Use: Scroll            |       |     7 |     4 ||    11
 Stab: Sleeping          |     4 |     7 |       ||    11
  Eat: Chunk             |     2 |     8 |    18 ||    28
Armor: Animal skin       |     9 |       |       ||     9
       Ring mail         |       |   104 |    51 ||   155
       Plate armour      |       |       |    68 ||    68
Dodge: Dodged            |    41 |   162 |   155 ||   358
